AoeStats
← RAFAOalexandre

Nomad

510965506Analyzed
2v2 RM · 10h ago on Oct 3, 2026· 29m 33s· 4 players
Game mode
Random Map
Map size
176×176
Population
200
Speed
Normal
Resources
Standard
Victory
Conquest
Starting age
Dark Age
Ending age
Imperial Age
RankedLock teamsTeams togetherTeam positionsShared explorationLock speedFull tech treeHidden civsTurbo modeCheats
Victory
Defeat
🇧🇷 Vietnamese · Brazil
838
+17
🇿🇦 Khmer · South Africa
818
+18
🇺🇸 Maya · United States
871
-18
🇦🇺 Franks · Australia
839
-46
RAFAOalexandre
15:13 Feudal Age
13:53 Loom
16:59 Wheelbarrow
17:09 Gold Mining
18:28 Double-Bit Axe
24:02 Castle Age
24:08 Fletching
jac
16:53 Feudal Age
19:50 Double-Bit Axe
20:14 Gold Mining
23:31 Castle Age
22:40 Stone Mining
Banabi Johnson
12:32 Feudal Age
14:25 Wheelbarrow
13:43 Double-Bit Axe
27:57 Forging
27:54 Scale Barding Armor
Soup
4:32 Loom
14:15 Feudal Age
14:48 Double-Bit Axe
15:19 Gold Mining
15:25 Town Watch
18:12 Fletching
20:51 Castle Age
21:24 Crossbowman
22:01 Bodkin Arrow
22:37 Thumb Ring
22:34 Padded Archer Armor
Connection lost

Rejoining the realm…

Still unreachable

The connection could not be restored.

Session expired

The server has moved on; the page needs a fresh start.